 Dungeon Crawl Stone Soup version 0.26-a0-812-g31a745ddcd (webtiles) character file.

Game seed: 14223354046582359889

23 Lanoc the Grasshopper (level 2, -1/27 HPs)
             Began as a Naga Warper on Nov 18, 2020.
             Slain by an adder (3 damage)
             ... on level 3 of the Dungeon.
             The game lasted 00:01:19 (895 turns).

Lanoc the Grasshopper (Naga Warper)                  Turns: 895, Time: 00:01:19

Health: -1/27      AC:  2    Str: 13    XL:     2   Next: 95%
Magic:  5/5        EV:  9    Int: 13    God:
Gold:   25         SH:  0    Dex: 10    Spells: 5/5 levels left

rFire    . . .     SeeInvis +   a - +0 spear
rCold    . . .     Faith    .   (no shield)
rNeg     . . .     Spirit   .   b - +0 leather armour
rPois    +         Reflect  .   (no helmet)
rElec    .         Harm     .   (no cloak)
rCorr    .         Rampage  .   (no gloves)
MR       .....                  (no barding)
Stlth    +.........             (no amulet)
HPRegen  0.09/turn              (no ring)
MPRegen  0.09/turn              (no ring)

@: very slow
A: large, see invisible, deformed body, poison resistance, slowness 2, spit
poison 1, AC +0
a: Spit Poison


You were on level 3 of the Dungeon.
You visited 1 branch of the dungeon, and saw 3 of its levels.

You collected 25 gold pieces.

Inventory:

Hand Weapons
 a - a +0 spear (weapon)
Missiles
 e - a boomerang of dispersal (quivered)
Armour
 b - a +0 leather armour (worn)
Scrolls
 c - a scroll of identify {unknown}
 d - a scroll of blinking
 f - a scroll of enchant armour {unknown}
 g - 2 scrolls of remove curse {unknown}


   Skills:
 + Level 2.4 Fighting
 + Level 2.4 Polearms
 - Level 0.8 Throwing
 - Level 0.7 Armour
 + Level 2.0 Dodging
 - Level 2.0 Spellcasting
   Level 3.0 Translocations


You had 5 spell levels left.
You didn't know any spells.
Your spell library contained the following spells:

 Spells                   Type           Power        Failure   Level
 Blink                    Tloc           N/A          14%         2
 Gell's Gravitas          Tloc           #.........   28%         3
 Lesser Beckoning         Tloc           #.........   28%         3
 Teleport Other           Tloc           #.......     28%         3
 Passage of Golubria      Tloc           N/A          67%         4


Dungeon Overview and Level Annotations

Branches:
Dungeon (3/15)

Altars:
Dithmenos


Innate Abilities, Weirdness & Mutations

You cannot wear boots.
Your serpentine skin is tough. (AC +0)
You have supernaturally acute eyesight. (SInv)
Armour fits poorly on your strangely shaped body.
Your system is resistant to poisons. (rPois)
You cover ground very slowly.
You can spit poison.


Message History

The boomerang of dispersal hits the adder.
The adder blinks!
The adder is severely wounded.
The hobgoblin closely misses you.
You closely miss the hobgoblin. The hobgoblin barely misses you.
You hit the hobgoblin but do no damage. The hobgoblin closely misses you.
You closely miss the hobgoblin. You hit the hobgoblin.
The hobgoblin is severely wounded.
The hobgoblin hits you with a +0 club.
* * * LOW HITPOINT WARNING * * *
You aren't carrying any potions.
The hobgoblin misses you.
Throwing (i - inventory)
e - 2 boomerangs of dispersal (quivered)
Press: ? - help, Shift-Dir - straight line, f/p - adder
Aim: an adder (severely wounded)
You throw a boomerang of dispersal.
The boomerang of dispersal barely misses the adder.
The adder bites you.
You die...

#. . #. .. #. ...
#.## .... #... .....
####.#########......
#.......##.@g.†.....
#.##.##.....S###.###
#.##.##......#
#.##..#..........
#.###.#.......##. .
###.###.#......## ..#
#....>........... ..#
#.###.#.#......####.#
#.# #.#.#)###### #.#


You could see an adder and a hobgoblin.

Vanquished Creatures
  An adder (D:3)
  An orc (D:3)
  A goblin (D:3)
  3 hobgoblins
  5 bats
  A frilled lizard (D:3)
  2 rats
14 creatures vanquished.

Notes
Turn   | Place    | Note
-------+----------+-------------------------------------------
     0 | D:1      | Lanoc the Naga Warper began the quest for the Orb.
     0 | D:1      | Reached XP level 1. HP: 19/19 MP: 3/3
   547 | D:3      | Reached XP level 2. HP: 23/26 MP: 5/5
   738 | D:3      | Found a shadowy altar of Dithmenos.
   895 | D:3      | Slain by an adder

Illustrated notes

Levels and vault maps discovered:
D:1:      shiori_arrival_oz, layout_basic, minmay_misc_feat_ornament,
          minmay_misc_feat_x, minmay_tall_x
D:2:      layout_basic, nicolae_overflow_crystal_walls, uniq_crazy_yiuf_cottage
D:3:      layout_loops_cross, grunt_dithmenos_smoke,
          amethyst_overflow_temple_binary, uniq_robin

Skill      XL: |  1  2 |
---------------+-------+-----
Dodging        | 2 |  2.0
Fighting       | |  2.4
Polearms       | |  2.4
Throwing       | |  0.8
Armour         | |  0.7
Spellcasting   | |  2.0
Translocations | |  3.0

Action                   || total
-------------------------++-------
Melee: Spear             ||    57
Throw: Boomerang         ||     4
 Abil: Spit Poison       ||     7
Armor: Leather armour    ||    15
Dodge: Dodged            ||    21

Table legend: (Time is in decaauts)
 A = Elapsed time spent in this place.
 B = Non-inter-level travel time spent in this place.
 C = Inter-level travel time spent in this place.
 D = Time resting spent in this place.
 E = Time spent auto-exploring this place.
 F = Levels seen in this place.
 G = Mean time per level.
                   A        B        C        D        E       F      G
               +--------+--------+--------+--------+--------+-----+--------+
         Total |   1044 |   1000 |     44 |      0 |    880 |   3 |  348.0 |
       Dungeon |   1044 |   1000 |     44 |      0 |    880 |   3 |  348.0 |
               +--------+--------+--------+--------+--------+-----+--------+

Top non-repeatable levels by time:
     D:1: 557 daAuts
     D:3: 430 daAuts
     D:2: 56 daAuts
